 Dungeon Crawl Stone Soup version 0.30.1-4-g462c640d31 (webtiles) character file.

Game seed: 7379125082656282634

85 Descartes the Magician (level 4, -4/25 HPs)
             Began as a Deep Elf Wanderer on Aug 15, 2023.
             Slain by a gnoll
             ... wielding a +0 club
             ... led by a gnoll bouda
              (8 damage)
             ... on level 3 of the Dungeon.
             The game lasted 00:04:13 (3001 turns).

Descartes the Magician (Deep Elf Wanderer)          Turns: 3001, Time: 00:04:13

Health: -4/25      AC:  2    Str:  9    XL:     4   Next: 25%
Magic:  6/13       EV: 10    Int: 19    God:
Gold:   161        SH:  4    Dex: 14    Spells: 12/13 levels left

rFire   . . .        a - +0 dagger
rCold   . . .        d - +0 buckler
rNeg    . . .        c - +0 robe
rPois   .            (no helmet)
rElec   .            (no cloak)
rCorr   .            (no gloves)
SInv    .            (no boots)
Will    .....        (no amulet)
Stlth   ++           (no ring)
HPRegen 0.24/turn    (no ring)
MPRegen 0.13/turn

%: no passive effects
@: no status effects
A: no striking features
a: no special abilities


You were on level 3 of the Dungeon.
You visited 1 branch of the dungeon, and saw 3 of its levels.

You collected 161 gold pieces.

Inventory:

Hand Weapons
 a - a +0 dagger (weapon)
Missiles
 g - a throwing net (quivered)
Armour
 c - a +0 robe (worn)
 d - a +0 buckler (worn)
Jewellery
 l - a ring of magical power
Scrolls
 b - a scroll of fog
 f - 7 scrolls of identify {unknown}
 h - a scroll of torment {unknown}
 i - 2 scrolls of poison {unknown}
 k - a scroll of vulnerability {unknown}
 o - a scroll of enchant armour {unknown}
Potions
 e - a potion of haste {unknown}
 j - a potion of mutation {unknown}
 m - 2 potions of heal wounds {unknown}
 n - 2 potions of might {unknown}
 p - a potion of curing {unknown}


   Skills:
 - Level 1.0 Fighting
 - Level 1.0 Throwing
 - Level 1.2 Stealth
 + Level 1.9 Shields
 - Level 5.1 Spellcasting
 + Level 3.0 Fire Magic
 + Level 1.8 Poison Magic
 + Level 1.9 Evocations


You had 12 spell levels left.
You knew the following spells:

 Your Spells              Type           Power      Damage    Failure   Level
a - Foxfire               Conj/Fire      40%        2x1d6     10%         1

Your spell library contained the following spells:

 Spells                   Type           Power      Damage    Failure   Level
 Freeze                   Ice            16%        1d4       19%         1
 Mephitic Cloud           Conj/Pois/Air  7%         N/A       41%         3
 Frozen Ramparts          Ice            8%         1d2       50%         3
 Hailstorm                Conj/Ice       4%         3d4       50%         3
 Flame Wave               Conj/Fire      10%        2d6       69%         4
 Sticky Flame             Conj/Fire      10%        2d3       69%         4


Dungeon Overview and Level Annotations

Branches:
Dungeon (3/15)

Altars:
Vehumet

Shops:
D:1 (


Message History

Casting: Foxfire (safe; 10% risk of failure)
Confirm with . or Enter, or press ? or * to list all spells.
You conjure some foxfire!
A nearby plant withers and dies. x2
The foxfire hits the jackal.
The jackal is heavily wounded.
You block the jackal's attack.
The jackal bites the plant. x2
The plant begins to die.
The gnoll barely misses you.
The gnoll bouda hits the plant with a +0 club.
Casting: Foxfire (safe; 10% risk of failure)
Confirm with . or Enter, or press ? or * to list all spells.
You conjure some foxfire!
A nearby plant withers and dies.
The foxfire hits the jackal.
You kill the jackal!
The jackal bites the plant. x2; The jackal barely misses you.
The gnoll hits you from afar with a +0 halberd!
Ouch! That really hurt!
Casting: Foxfire (safe; 10% risk of failure)
Confirm with . or Enter, or press ? or * to list all spells.
You conjure some foxfire!
The foxfire hits the jackal.
You kill the jackal!
The foxfire hits the gnoll.
The gnoll is lightly wounded.
The jackal bites the plant.
The foxfire hits the gnoll.
The gnoll is moderately wounded.
Casting: Foxfire (safe; 10% risk of failure)
Confirm with . or Enter, or press ? or * to list all spells.
You conjure some foxfire!
A nearby plant withers and dies. x2
The foxfire hits the gnoll.
The gnoll is severely wounded.
The gnoll hits the plant with a +0 whip!
The gnoll hits you with a +0 club.
* * * LOW HITPOINT WARNING * * *
Casting: Foxfire (safe; 10% risk of failure)
Confirm with . or Enter, or press ? or * to list all spells.
You conjure some foxfire!
A nearby plant withers and dies.
The foxfire hits the jackal but does no damage.
The jackal bites you.
* * * LOW HITPOINT WARNING * * *
The gnoll hits you with a +0 club!
You die...

#.# #.# #.# #.#
#.# #.# #.# #.#
#.# #.# #.# #.#
##########.# #.#
....r..v##.# #.#
.P$PP.h@v..# #.#
PP...gg###.###.#


.P..ggg #.#...# ....... #.#.### ....... #.#.# ....... #.#.# PPP.... #.#.#
...PP.# #.#.# #.# You could see a gnoll bouda, 4 gnolls, a jackal (ally target)
and a rat.

Vanquished Creatures
  2 gnolls (D:2)
  An adder (D:3)
  3 worms
  A dart slug (D:3)
  An orc (D:3)
  3 ball pythons
  3 endoplasms
  A giant cockroach (D:1)
  7 goblins
  A hobgoblin (D:2)
  3 jackals (D:3)
  2 kobolds
  2 quokkas
  6 bats (D:1)
  2 frilled lizards
  6 rats
44 creatures vanquished.

Vanquished Creatures (collateral kills)
  3 foxfires (D:1)
3 creatures vanquished.

Vanquished Creatures (others)
  172 foxfires
172 creatures vanquished.

Grand Total: 219 creatures vanquished

Notes
Turn   | Place    | Note
-------+----------+-------------------------------------------
     0 | D:1      | Descartes the Deep Elf Wanderer began the quest for the
                  | Orb.
     0 | D:1      | Descartes set off with the following items: a +0 dagger, a
                  | scroll of fog, a +0 robe, a +0 buckler; and the following
                  | spells available to memorise: Foxfire, Mephitic Cloud,
                  | Flame Wave, Sticky Flame.
     0 | D:1      | Reached XP level 1. HP: 12/12 MP: 7/7
    25 | D:1      | Learned a level 1 spell: Foxfire
   344 | D:1      | Reached XP level 2. HP: 16/16 MP: 7/9
   516 | D:1      | Reached skill level 1 in Poison Magic
   632 | D:1      | Reached skill level 1 in Evocations
  1151 | D:1      | Found a faded altar of an unknown god.
  1218 | D:1      | Found Lojisk's Weapon Shoppe.
  1802 | D:2      | Reached XP level 3. HP: 20/20 MP: 9/11
  2262 | D:2      | Reached skill level 5 in Spellcasting
  2575 | D:3      | Reached XP level 4. HP: 22/25 MP: 8/13
  2682 | D:3      | Found a radiant altar of Vehumet.
  3001 | D:3      | Slain by a gnoll

Illustrated notes

Levels and vault maps discovered:
D:1:      dpeg_arrival_subterranean_lakeside_camping, layout_basic,
          shapermc_ecumenical_altar_hornbeckon, serial_shops,
          nicolae_shop_advertising_works [nicolae_subvault_shop_adworks]
D:2:      layout_loops_ring
D:3:      layout_basic, mainiacjoe_overflow_cross_hatched,
          nicolae_vehumet_altar_sigil, nicolae_grassy_gnolls, uniq_natasha,
          uniq_ijyb, uniq_grinder

Skill      XL: |  1  2  3  4 |
---------------+-------------+-----
Poison Magic   | 1 |  1.8
Evocations     | 1 |  1.9
Spellcasting   | 5 |  5.1
Fire Magic     | 3 |  3.0
Fighting       | |  1.0
Throwing       | |  1.0
Stealth        | |  1.2
Shields        | |  1.9

Action                     |  1- 3 |  4- 6 || total
---------------------------+-------+-------++-------
  Melee: Dagger            |    11 |       ||    11
   Cast: Foxfire           |    85 |    31 ||   116
 Armour: Robe              |     4 |       ||     4
  Dodge: Dodged            |    10 |     7 ||    17
  Block: Buckler           |     8 |     3 ||    11
